 Dungeon Crawl Stone Soup version 0.30.0-5-g1a98f26d00 (webtiles) character file.

Game seed: 6847364091746881869

1389 SnakkuSnakku7 the Gusty (level 8, -3/43 HPs)
             Began as a Deep Elf Transmuter on May 11, 2023.
             Slain by an orc warrior
             ... wielding a +0 battleaxe
              (15 damage)
             ... on level 6 of the Dungeon.
             The game lasted 00:10:45 (6139 turns).

SnakkuSnakku7 the Gusty (Deep Elf Transmuter)       Turns: 6139, Time: 00:10:45

Health: -3/43      AC:  4    Str:  7    XL:     8   Next: 40%
Magic:  12/19      EV: 13    Int: 24    God:
Gold:   225        SH:  0    Dex: 17    Spells: 11/19 levels left

rFire   . . .        r - +1 dagger of Demand {pain, Int+3 Dex+2}
rCold   + . .        A - orb {light}
rNeg    . . .        a - +0 robe
rPois   .            (no helmet)
rElec   .            G - +0 cloak
rCorr   .            E - +0 pair of gloves
SInv    .            (no boots)
Will    .....        (no amulet)
Stlth   +            k - ring of protection from cold
HPRegen 0.27/turn    (no ring)
MPRegen 0.16/turn

%: no passive effects
@: glowing
A: no striking features
a: no special abilities


You were on level 6 of the Dungeon.
You visited 2 branches of the dungeon, and saw 7 of its levels.

You collected 225 gold pieces.

Inventory:

Hand Weapons
 d - a +2 short sword of venom
 r - the +1 dagger of Demand (weapon) {pain, Int+3 Dex+2}
   (You found it on level 2 of the Dungeon)

   Int:       It affects your intelligence (+3).
   Dex:       It affects your dexterity (+2).
Missiles
 m - 2 throwing nets
Armour
 a - a +0 robe (worn)
 A - an orb of light (worn)
 E - a +0 pair of gloves (worn)
 G - a +0 cloak (worn)
Magical Staves
 g - a staff of air
Jewellery
 k - a ring of protection from cold (left hand)
 C - a ring of resist corrosion
Wands
 F - a wand of paralysis (8)
Scrolls
 f - a scroll of fog {unknown}
 i - 2 scrolls of immolation {unknown}
 j - 2 scrolls of teleportation
 l - 2 scrolls of enchant armour {unknown}
 n - 2 scrolls of enchant weapon {unknown}
 p - a scroll of summoning {unknown}
 s - a scroll of magic mapping {unknown}
 t - 2 scrolls of blinking {unknown}
 u - 3 scrolls of identify {unknown}
 w - 3 scrolls of fear {unknown}
 y - a scroll of vulnerability {unknown}
Potions
 b - 2 potions of lignification
 c - 3 potions of curing
 e - a potion of degeneration {unknown}
 h - 2 potions of heal wounds {unknown}
 o - a potion of berserk rage {unknown}
 q - a potion of might {unknown}
 v - a potion of mutation {unknown}
 x - 2 potions of cancellation {unknown}
 z - a potion of resistance {unknown}
 B - a potion of brilliance
 D - a potion of magic {unknown}


   Skills:
 - Level 1.3 Fighting
 - Level 2.4 Dodging
 - Level 2.4 Unarmed Combat
 - Level 6.0 Spellcasting
 + Level 4.2 Conjurations
 - Level 2.1 Transmutations
 + Level 4.2 Ice Magic
 + Level 6.1 Air Magic
 - Level 4.0 Poison Magic


You had 11 spell levels left.
You knew the following spells:

 Your Spells              Type           Power      Damage    Failure   Level
a - Beastly Appendage     Tmut           34%        N/A       3%          1
b - Poisonous Vapours     Pois/Air       62%        N/A       1%          2
c - Freezing Cloud        Conj/Ice/Air   15%        6-21      30%         5

Your spell library contained the following spells:

 Spells                   Type           Power      Damage    Failure   Level
 Mephitic Cloud           Conj/Pois/Air  30%        N/A       3%          3
 Wereblood                Tmut           17%        N/A       4%          2
 Spider Form              Tmut/Pois      22%        N/A       7%          3
 Necrotise                Necr           28%        1d5       8%          1
 Ice Form                 Ice/Tmut       22%        N/A       22%         4
 Inner Flame              Hex/Fire       7%         N/A       24%         3
 Vampiric Draining        Necr           7%         2d6       24%         3
 Flame Wave               Conj/Fire      17%        2d7       32%         4
 Sticky Flame             Conj/Fire      17%        2d4       32%         4
 Agony                    Necr           7%         N/A       91%         5


Dungeon Overview and Level Annotations

Branches:
Dungeon (6/15)             Temple (1/1) D:4

Altars:
Ashenzari
Cheibriados
Elyvilon
Fedhas
Gozag
Hepliaklqana
Kikubaaqudgha
Nemelex Xobeh
Qazlal
Wu Jian
Xom
Yredelemnul
Zin
The Shining One

Shops:
D:5 :


Message History

The orc priest is poisoned.
Unknown command.
Aiming: Poisonous Vapours (safe; 1% risk of failure)
Press: ? - help, Q - select action, (/) - cycle Dir - move target, f/p - orc priest
Aim: an orc priest, wielding a +0 short sword (moderately wounded, very poisoned, haloed) Poisonous vapours surround the orc priest!
The orc priest looks as sick as possible!
You kill the orc priest!
An orc warrior and 3 orcs come into view.
The orc warrior shouts!
The orc shouts! x2
The orc throws a boomerang.
The boomerang hits you.
The orc moves out of view.
There are monsters nearby!
Unknown command.
Aiming: Poisonous Vapours (safe; 1% risk of failure)
Press: ? - help, Q - select action, (/) - cycle Dir - move target, f - orc warrior
Aim: an orc warrior, wielding a +0 battleaxe and wearing a +0 plate armour (haloed) Poisonous vapours surround the orc warrior!
The orc warrior is poisoned.
The orc throws a boomerang.
The boomerang hits you.
Aiming: Poisonous Vapours (safe; 1% risk of failure)
Press: ? - help, Q - select action, (/) - cycle Dir - move target, f/p - orc warrior
Aim: an orc warrior, wielding a +0 battleaxe and wearing a +0 plate armour (very poisoned, haloed) Poisonous vapours surround the orc warrior!
The orc warrior looks as sick as possible!
Aiming: Poisonous Vapours (safe; 1% risk of failure)
Press: ? - help, Q - select action, (/) - cycle Dir - move target, f/p - orc warrior
Aim: an orc warrior, wielding a +0 battleaxe and wearing a +0 plate armour (lightly wounded, extremely poisoned, haloed) Poisonous vapours surround the orc warrior!
The orc warrior looks as sick as possible!
The orc warrior attacks as you move away!
The orc warrior hits you with a +0 battleaxe!!
The orc attacks as you move away! The orc barely misses you.
The orc throws a boomerang.
The boomerang closely misses you.
The orc warrior attacks as you move away!
The orc warrior hits you with a +0 battleaxe!
* * * LOW HITPOINT WARNING * * *
Okay, then.
It was a potion of curing.
You feel better.
The orc warrior hits you with a +0 battleaxe!
You die...

..####### #.......###
#o..o..# ##.#.####
#.oo....# #.##
#).#o##.#
##.....######..#o##.#
...............#@##.#
....##....###.##.##.#
....##....###.......#
≈≈.........####...###
≈≈.....♣♣..###.....##
...._..♣♣...........#
...§...)...##.......#
.≈§........##.......#
.≈§..##...####.....##


You could see an orc warrior (extremely poisoned) and 2 orcs.

Vanquished Creatures
  Eustachio (D:5)
  A water moccasin (D:6)
  A centaur (D:6)
  2 scorpions
  4 killer bees (D:5)
  A hound (D:5)
  3 orc priests
  Natasha (thrice) (D:2)
  3 iguanas
  4 orc wizards (D:4)
  A sleepcap (D:6)
  8 adders
  15 gnolls
  A shadow imp (D:5)
  2 white imps (D:5)
  An ufetubus (D:6)
  2 adder skeletons (D:2)
  A worm (D:3)
  2 dart slugs
  17 orcs
  9 ball pythons
  4 bats
  A bat zombie (D:2)
  2 endoplasms
  3 giant cockroaches
  6 hobgoblins
  5 jackals
  5 quokkas
  2 ball python zombies (D:2)
  2 frilled lizards (D:1)
  7 goblins
  8 kobolds
  7 rats
  A spectral ball python (D:2)
135 creatures vanquished.

Notes
Turn   | Place    | Note
-------+----------+-------------------------------------------
     0 | D:1      | SnakkuSnakku7 the Deep Elf Transmuter began the quest for
                  | the Orb.
     0 | D:1      | Reached XP level 1. HP: 11/11 MP: 6/6
    62 | D:1      | Reached skill level 1 in Fighting
   201 | D:1      | Reached XP level 2. HP: 16/16 MP: 8/8
   249 | D:1      | Learned a level 2 spell: Poisonous Vapours
   352 | D:1      | Reached skill level 1 in Air Magic
   352 | D:1      | Reached skill level 1 in Poison Magic
   631 | D:1      | Reached XP level 3. HP: 20/20 MP: 9/9
   755 | D:2      | Noticed Natasha
   772 | D:2      | Killed Natasha
   854 | D:2      | Reached XP level 4. HP: 15/25 MP: 10/10
   934 | D:2      | Identified the +1 dagger of Demand {pain, Int+3 Dex+2}
  1043 | D:2      | Noticed Natasha
  1051 | D:2      | Killed Natasha
  1083 | D:2      | Found a faded altar of an unknown god.
  1645 | D:2      | Reached XP level 5. HP: 28/29 MP: 4/11
  1717 | D:2      | Noticed Natasha
  1723 | D:2      | Killed Natasha
  2568 | D:4      | Found a staircase to the Ecumenical Temple.
  2591 | Temple   | Entered the Ecumenical Temple
  2690 | D:4      | Reached XP level 6. HP: 34/34 MP: 7/12
  2809 | D:4      | Learned a level 5 spell: Freezing Cloud
  3365 | D:4      | Reached skill level 5 in Spellcasting
  3841 | D:4      | Reached XP level 7. HP: 26/38 MP: 9/17
  3988 | D:5      | Entered Level 5 of the Dungeon
  4306 | D:5      | Reached skill level 1 in Ice Magic
  4479 | D:5      | Reached skill level 1 in Conjurations
  4539 | D:5      | Found a glowing golden altar of the Shining One.
  4545 | D:5      | Reached skill level 5 in Air Magic
  4917 | D:5      | Found an opulent altar of Gozag.
  4917 | D:5      | Found a sparkling altar of Nemelex Xobeh.
  5125 | D:5      | Noticed Eustachio
  5144 | D:5      | Killed Eustachio
  5145 | D:5      | Reached XP level 8. HP: 38/43 MP: 13/19
  5185 | D:5      | Found Lohi's Self-Improvement Boutique.
  6060 | D:6      | Found an ornate altar of the Wu Jian Council.
  6138 | D:6      | HP: 1/43 [orc warrior/+0 battleaxe (17)]
  6139 | D:6      | Slain by an orc warrior

Illustrated notes

Levels and vault maps discovered:
D:1:      wander_arrival_peaceful_grave, layout_loops_ring, minivault_19
D:2:      layout_basic, hellmonk_ecumenical_altar_leap_of_faith, st_stairs_8,
          dilly_guarded_unrand_morg
D:3:      layout_loops_ring
D:4:      layout_basic, minmay_temple_entry_slanted, serial_aquarium,
          aquarium_bridge_square [aquarium_subvault_balcony,
          aquarium_subvault_balcony, aquarium_subvault_bridge,
          aquarium_subvault_window], aquarium_window_corner,
          aquarium_window_fake, aquarium_view_4, aquarium_pool_S
D:5:      layout_basic, grunt_temple_overflow_opulence, lemuel_crystal_altar,
          nicolae_shop_self_help, uniq_eustachio
D:6:      layout_loops_cross, nicolae_wu_jian_wuxing_cycle, uniq_pikel
Temple:   zaba_magenta_temple

Skill      XL: |  1  2  3  4  5  6  7  8 |
---------------+-------------------------+-----
Fighting       | 1 |  1.3
Air Magic      | 1 2 3 4 5 6 |  6.1
Poison Magic   | 1 2 3 4 |  4.0
Spellcasting   | 5 6 |  6.0
Ice Magic      | 3 4 |  4.2
Conjurations   | 3 4 |  4.2
Dodging        | |  2.4
Unarmed Combat | |  2.4
Transmutations | |  2.1

Action                     |  1- 3 |  4- 6 |  7- 9 || total
---------------------------+-------+-------+-------++-------
  Melee: Short sword       |    68 |     5 |       ||    73
         Unarmed           |     2 |       |       ||     2
         Dagger            |       |   169 |    81 ||   250
   Cast: Beastly Appendage |     2 |       |       ||     2
         Poisonous Vapours |     9 |    83 |    63 ||   155
  Evoke: Wand              |       |       |     4 ||     4
    Use: Scroll            |       |     2 |       ||     2
         Potion            |       |       |     1 ||     1
   Stab: Sleeping          |       |     2 |       ||     2
         Paralysed         |       |       |    15 ||    15
 Armour: Robe              |    35 |    24 |    13 ||    72
  Dodge: Dodged            |    68 |   137 |    90 ||   295
